 Dungeon Crawl Stone Soup version 0.31-a0-233-g139696dc86 (webtiles) character file.

Game seed: 13115970646891058669

106 reriks the Sneak (level 4, -7/36 HPs)
             Began as a Naga Fire Elementalist on July 10, 2023.
             Mangled by an orc
             ... wielding a +0 flail
              (9 damage)
             ... on level 2 of the Dungeon.
             The game lasted 00:03:08 (3316 turns).

reriks the Sneak (Naga Fire Elementalist)           Turns: 3316, Time: 00:03:09

Health: -7/36      AC:  2    Str: 10    XL:     4   Next: 84%
Magic:  2/7        EV: 10    Int: 17    God:
Gold:   100        SH:  0    Dex: 12    Spells: 5/8 levels left

rFire   . . .        j - +0 flail
rCold   . . .        (no shield)
rNeg    . . .        a - +0 robe
rPois   +            (no helmet)
rElec   .            (no cloak)
rCorr   .            (no gloves)
SInv    +            (no barding)
Will    .....        (no amulet)
Stlth   +++          (no ring)
HPRegen 0.26/turn    (no ring)
MPRegen 0.10/turn

%: no passive effects
@: very slow
A: AC +1, large, see invisible, deformed body, poison resistance, slowness 2,
spit poison 1, naga tail 1
a: Spit Poison


You were on level 2 of the Dungeon.
You visited 1 branch of the dungeon, and saw 3 of its levels.

You collected 100 gold pieces.

Inventory:

Hand Weapons
 d - a +0 dagger
 j - a +0 flail (weapon)
Armour
 a - a +0 robe (worn)
Scrolls
 e - a scroll of enchant weapon {unknown}
 f - a scroll of identify {unknown}
 g - a scroll of poison {unknown}
 h - 2 scrolls of teleportation {unknown}
 k - a scroll of amnesia {unknown}
Potions
 b - a potion of magic
 i - a potion of haste {unknown}
 l - 2 potions of heal wounds {unknown}


   Skills:
 + Level 2.2 Dodging
 + Level 4.3 Stealth
 + Level 2.6 Spellcasting
 + Level 2.1 Conjurations
 + Level 3.5 Fire Magic


You had 5 spell levels left.
You knew the following spells:

 Your Spells              Type           Power      Damage    Failure   Level
a - Foxfire               Conj/Fire      44%        2x1d6     5%          1
b - Scorch                Fire           28%        2d6       6%          2

Your spell library contained the following spells:

 Spells                   Type           Power      Damage    Failure   Level
 Magic Dart               Conj           36%        1d4       8%          1
 Inner Flame              Hex/Fire       8%         N/A       26%         3
 Volatile Blastmotes      Fire/Tloc      16%        2d11      26%         3
 Call Imp                 Summ           4%         N/A       28%         2
 Dazzling Flash           Conj/Hex       10%        N/A       34%         3
 Mephitic Cloud           Conj/Pois/Air  4%         N/A       38%         3
 Tukima's Dance           Hex            2%         N/A       50%         3
 Flame Wave               Conj/Fire      11%        2d6       50%         4
 Passage of Golubria      Tloc           2%         N/A       88%         4
 Agony                    Necr           2%         N/A       99%         5
 Silence                  Hex/Air        1%         N/A       99%         5
 Yara's Violent Unravell  Hex/Tmut       1%         3d3       99%         5
 Enfeeble                 Hex            1%         N/A       100%        7


Dungeon Overview and Level Annotations

Branches:
Dungeon (3/15)

Altars:


Innate Abilities, Weirdness & Mutations

Your serpentine skin is tough. (AC +1)
You have supernaturally acute eyesight. (SInv)
Armour fits poorly on your strangely shaped body.
Your system is resistant to poisons. (rPois)
You cover ground very slowly.
You can spit poison.
You have a snake-like lower body.


Message History

The foxfire hits the orc but does no damage.
The orc is heavily wounded.
An orc comes into view. It is wielding a +0 short sword.
Casting: Foxfire (safe; 6% risk of failure)
Confirm with . or Enter, or press ? or * to list all spells.
Flames lash the orc.
You kill the orc!
The orc shouts!
You hear a shout! x2
The orc closely misses you. The orc hits you with a +0 flail!
The orc attacks as you move away! The orc hits you with a +0 flail! x2
* * * LOW HITPOINT WARNING * * *
As you read the scroll labelled TEIGOEFOAP, it dissolves into smoke.
It was a scroll of fog.
The orc closely misses you. The orc attacks as you move away!
The orc closely misses you. x2
The orc hits you with a +0 flail.
* * * LOW HITPOINT WARNING * * *
The orc attacks as you move away! The orc hits you with a +0 flail.
* * * LOW HITPOINT WARNING * * *
The orc shouts!
There is a stone staircase leading up here.
The orc barely misses you. x2
You climb upwards.
There is a stone staircase leading down here.
Casting: Scorch (safe; 6% risk of failure)
Confirm with . or Enter, or press ? or * to list all spells.
Flames lash the orc.
The orc is severely wounded.
The orc's fire resistance burns away.
The orc hits you with a +0 club.
* * * LOW HITPOINT WARNING * * *
The orc hits you with a +0 flail.
* * * LOW HITPOINT WARNING * * *
The orc barely misses you. The orc hits you but does no damage.
Casting: Scorch (safe; 6% risk of failure)
Confirm with . or Enter, or press ? or * to list all spells.
Flames lash the orc.
The orc is burned terribly!
You kill the orc!
The orc barely misses you. The orc hits you with a +0 flail!
You die...

##...## ##.###.##
#######..####.##
#..........###.#### #######
#####.####............####......
#....(........##...........#####
#.###.#####..####.###.###.....#
#.# #.# #..###)## #.# #.###.##
#.###.#####...o@## #.###.#⌠#..#
#...#.#......#### #.....###...
#.....#.###.## #..##......#
#...###.# #.# #..####....# #..##
#.# #.#########..# ######
#..####.###............#
#............#####.##### ####
##.####†####.# #.# #... #.# #.#
#.# #.# #†##


You could see an orc.

Vanquished Creatures
  Jessica (D:2)
  Terence (D:2)
  An adder (D:2)
  A worm (D:2)
  2 dart slugs (D:1)
  2 orcs
  3 bats
  6 endoplasms
  2 giant cockroaches
  4 goblins
  A hobgoblin (D:1)
  2 kobolds (D:1)
  4 ball pythons (D:1)
  4 frilled lizards (D:1)
  4 rats
38 creatures vanquished.

Vanquished Creatures (others)
  126 foxfires
126 creatures vanquished.

Grand Total: 164 creatures vanquished

Notes
Turn   | Place    | Note
-------+----------+-------------------------------------------
     0 | D:1      | reriks the Naga Fire Elementalist began the quest for the
                  | Orb.
     0 | D:1      | Reached XP level 1. HP: 15/15 MP: 3/3
   766 | D:1      | Reached XP level 2. HP: 22/22 MP: 1/5
  1654 | D:1      | Reached XP level 3. HP: 23/28 MP: 1/6
  2465 | D:2      | Noticed Jessica
  2475 | D:2      | Killed Jessica
  2476 | D:2      | Reached skill level 4 in Stealth
  2476 | D:2      | Reached XP level 4. HP: 7/36 MP: 3/7
  2649 | D:2      | Learned a level 2 spell: Scorch
  2712 | D:2      | Noticed Terence
  2719 | D:2      | Killed Terence
  3316 | D:2      | Mangled by an orc

Illustrated notes

Levels and vault maps discovered:
D:1:      lemuel_arrival_behind_the_door_large, layout_basic
D:2:      layout_loops_ring, feat_on_display, uniq_terence, uniq_jessica
D:3:      kennysheep_goblin_castle, layout_rooms, uniq_natasha

Skill      XL: |  1  2  3  4 |
---------------+-------------+-----
Dodging        | 2 |  2.2
Stealth        | 4 |  4.3
Conjurations   | 2 |  2.1
Spellcasting   | |  2.6
Fire Magic     | |  3.5

Action                     |  1- 3 |  4- 6 || total
---------------------------+-------+-------++-------
   Cast: Foxfire           |    59 |    14 ||    73
         Scorch            |       |     7 ||     7
Ability: Spit Poison       |       |     1 ||     1
    Use: Scroll            |       |     1 ||     1
 Armour: Robe              |       |     1 ||     1
  Dodge: Dodged            |     9 |     9 ||    18

Table legend: (Time is in decaauts)
 A = Elapsed time spent in this place.
 B = Non-inter-level travel time spent in this place.
 C = Inter-level travel time spent in this place.
 D = Time resting spent in this place.
 E = Time spent auto-exploring this place.
 F = Levels seen in this place.
 G = Mean time per level.
                   A        B        C        D        E       F      G
               +--------+--------+--------+--------+--------+-----+--------+
         Total |   3807 |   3757 |     50 |   1728 |   1679 |   3 | 1269.0 |
       Dungeon |   3807 |   3757 |     50 |   1728 |   1679 |   3 | 1269.0 |
               +--------+--------+--------+--------+--------+-----+--------+

Top non-repeatable levels by time:
     D:1: 2577 daAuts
     D:2: 1164 daAuts
     D:3: 65 daAuts
